 Dungeon Crawl Stone Soup version 0.28.0-53-g5a82cb258f (webtiles) character file.

Game seed: 15344734297307008794

152 LynnLen the Sneak (level 5, -2/28 HPs)
             Began as a Vampire Enchanter on Aug 17, 2022.
             Killed from afar by Natasha (3 damage)
             ... with a magic dart
             ... on level 3 of the Dungeon.
             The game lasted 00:04:54 (2439 turns).

LynnLen the Sneak (Vampire Enchanter)               Turns: 2439, Time: 00:04:55

Health: -2/28      AC:  2    Str:  7    XL:     5   Next: 11%
Magic:  3/8        EV: 12    Int: 18    God:
Gold:   75         SH:  0    Dex: 16    Spells: 3/8 levels left

rFire   . . .      SeeInvis +   a - +1 dagger
rCold   + + .      Faith    .   (no shield)
rNeg    + + +      Spirit   .   b - +0 robe
rPois   ∞          Reflect  .   (no helmet)
rElec   .          Harm     .   (no cloak)
rCorr   .          Rampage  .   (no gloves)
Will    .....                   (no boots)
Stlth   ++++++....              (no amulet)
HPRegen 0.00/turn               (no ring)
MPRegen 0.11/turn               (no ring)

@: bloodless, inhibited regen, slowed, very slow
A: bloodless, fangs 3, see invisible, vampiric 2
a: Bat Form, Revivify


You were on level 3 of the Dungeon.
You visited 1 branch of the dungeon, and saw 3 of its levels.

You collected 75 gold pieces.

Inventory:

Hand Weapons
 a - a +1 dagger (weapon)
Missiles
 d - 5 poisoned darts
 h - 56 stones
Armour
 b - a +0 robe (worn)
Potions
 c - a potion of invisibility
 f - a potion of haste
 g - a potion of attraction
 i - 2 potions of heal wounds


   Skills:
 + Level 3.9 Short Blades
 - Level 2.1 Dodging
 + Level 7.1 Stealth
 - Level 2.0 Spellcasting
 - Level 4.4 Hexes


You had 3 spell levels left.
You knew the following spells:

 Your Spells              Type           Power      Damage    Failure   Level
a - Confusing Touch       Hex            17%        N/A       9%          3
b - Ensorcelled Hibernat  Hex/Ice        18%        N/A       11%         2

Your spell library contained the following spells:

 Spells                   Type           Power      Damage    Failure   Level
 Tukima's Dance           Hex            17%        N/A       9%          3
 Dazzling Flash           Conj/Hex       18%        N/A       22%         3
 Fireball                 Conj/Fire      0%         3d3       99%         5
 Starburst                Conj/Fire      0%         6d3       100%        6
 Ignition                 Fire           0%         3d3       100%        8


Dungeon Overview and Level Annotations

Branches:
Dungeon (3/15)

Altars:
Hepliaklqana

Annotations:
D:3 Natasha


Innate Abilities, Weirdness & Mutations

You do not regenerate when monsters are visible.
You are frail without blood (-20% HP).
You can heal yourself when you bite living creatures.
You are immune to poison.
You have razor-sharp teeth.
You have supernaturally acute eyesight. (SInv)
You are afflicted with vampirism and can become a bat while bloodless.


Message History

You hear a grinding noise.
The now-empty wand crumbles to dust.
Aiming: Ensorcelled Hibernation (safe; 11% risk of failure)
Press: ? - help, Q - select action, (/) - cycle Shift-Dir - straight line, f/p - Natasha
Aim: Natasha (chance to affect: 43%) Natasha resists with some effort.
Casting: Confusing Touch (quite dangerous; 9% risk of failure)
Press: ? - help, Q - select action, (/) - cycle Dir - look around, f - activate Your hands begin to glow red.
You hit Natasha but do no damage.
Natasha appears confused.
Your bite misses Natasha. You hit Natasha.
Natasha is lightly wounded.
Natasha barely misses you.
You hit Natasha.
Natasha is heavily wounded.
Natasha claws you!
You hit Natasha.
Natasha is severely wounded.
Natasha seems less confused.
Natasha casts a spell at you. The magic dart hits you. Natasha claws you.
* * * LOW HITPOINT WARNING * * *
You hit Natasha but do no damage.
Natasha is severely wounded.
Natasha claws you.
* * * LOW HITPOINT WARNING * * *
You hit Natasha. You bite Natasha, but do no damage.
Natasha is severely wounded.
Natasha barely misses you.
You barely miss Natasha.
Natasha is severely wounded.
Natasha claws you.
* * * LOW HITPOINT WARNING * * *
Natasha closely misses you.
You hit Natasha but do no damage.
Natasha is severely wounded.
Natasha stares at you and mumbles some strange words.
The magic dart hits you.
You die...

.########..# #.####.##
#.## #.......# ...
##.####.## ..... #..#
....... #..#
.........###..######
.....................
w..#.^......##.###.###
......)@.# #
.....##h## ### ##. #.
#. #. #. .#


You could see Natasha.

Vanquished Creatures
  A jelly (D:2)
  A centaur skeleton (D:2)
  Natasha (D:3)
  3 adders
  An adder skeleton (D:2)
  A dart slug (D:1)
  3 bats
  4 endoplasms
  2 giant cockroaches
  4 goblins
  2 hobgoblins (D:1)
  A quokka (D:3)
  6 ball pythons
  4 frilled lizards
  3 kobolds
  4 rats
41 creatures vanquished.

Vanquished Creatures (others)
  7 demonic plants (D:2)
  8 fungi (D:2)
  9 plants (D:2)
  3 withered plants (D:2)
27 creatures vanquished.

Grand Total: 68 creatures vanquished

Notes
Turn   | Place    | Note
-------+----------+-------------------------------------------
     0 | D:1      | LynnLen the Vampire Enchanter began the quest for the Orb.
     0 | D:1      | Reached XP level 1. HP: 13/13 MP: 3/3
   239 | D:1      | Reached XP level 2. HP: 12/15 MP: 5/5
   245 | D:1      | Reached skill level 5 in Stealth
  1075 | D:2      | Found a faded altar of an unknown god.
  1387 | D:2      | Reached skill level 6 in Stealth
  1387 | D:2      | Gained mutation: You are afflicted with vampirism and can
                  | become a bat while bloodless. [Vampire growth]
  1387 | D:2      | Reached XP level 3. HP: 12/19 MP: 6/6
  1391 | D:2      | Learned a level 3 spell: Confusing Touch
  1394 | D:2      | Learned a level 2 spell: Ensorcelled Hibernation
  1634 | D:2      | Reached XP level 4. HP: 24/24 MP: 7/7
  2019 | D:2      | Found a hazy altar of Hepliaklqana.
  2365 | D:3      | Noticed Natasha
  2372 | D:3      | Killed Natasha
  2373 | D:3      | Reached skill level 7 in Stealth
  2373 | D:3      | Reached XP level 5. HP: 28/28 MP: 8/8
  2391 | D:3      | Noticed Natasha
  2438 | D:3      | HP: 1/28 [Natasha (4)]
  2439 | D:3      | Killed from afar by Natasha

Illustrated notes

Levels and vault maps discovered:
D:1:      saegor_arrival_simple_a, layout_basic, hangedman_feature_mirror
D:2:      layout_loops_corners, shapermc_ecumenical_altar_gd, basic_altar
D:3:      layout_loops_ring, uniq_natasha

Skill      XL: |  1  2  3  4 |
---------------+-------------+-----
Stealth        | 6 7 |  7.1
Short Blades   | 2 3 |  3.9
Dodging        | |  2.1
Spellcasting   | |  2.0
Hexes          | |  4.4

Action                   |  1- 3 |  4- 6 || total
-------------------------+-------+-------++-------
Melee: Dagger            |    82 |    37 ||   119
       Bite              |    12 |     5 ||    17
 Cast: Ensorcelled Hiber |       |     3 ||     3
       Confusing Touch   |       |     1 ||     1
 Abil: Exsanguinate      |     1 |       ||     1
  Use: Scroll            |     3 |     3 ||     6
 Stab: Sleeping          |    15 |     8 ||    23
Armor: Robe              |    15 |     1 ||    16
Dodge: Dodged            |    52 |    17 ||    69
